 Dungeon Crawl Stone Soup version 0.30-a0-719-gcc4359ea44 (webtiles) character file.

Game seed: 17153193425402744231

59 demibob the Twirler (level 3, 27/27 HPs)
             Began as a Demonspawn Gladiator on Jan 27, 2023.
             Was a Follower of Yredelemnul.
             Quit the game on level 2 of the Dungeon.
             The game lasted 00:03:03 (1607 turns).

demibob the Twirler (Demonspawn Gladiator)          Turns: 1607, Time: 00:03:03

Health: 27/27      AC:  4    Str: 14    XL:     3   Next: 78%
Magic:  3/3        EV: 12    Int: 11    God:    Yredelemnul [*.....]
Gold:   133        SH:  0    Dex: 14    Spells: 2/2 levels left

rFire   . . .      SeeInvis .    a - +0 quarterstaff
rCold   . . .      Faith    .    (shield currently unavailable)
rNeg    . . .      Spirit   .    b - +0 leather armour
rPois   +          Reflect  .    c - +0 helmet
rElec   .          Harm     .    (no cloak)
rCorr   .          Rampage  .    (no gloves)
Will    .....                    (no boots)
Stlth   +                        (no amulet)
HPRegen 0.24/turn                P - ring of poison resistance
MPRegen 0.08/turn                (no ring)

@: no status effects
A: demonic touch 1
a: Renounce Religion, Recall Undead Harvest


You were on level 2 of the Dungeon.
You worshipped Yredelemnul.
Yredelemnul was noncommittal.
You visited 1 branch of the dungeon, and saw 2 of its levels.

You collected 133 gold pieces.


Innate Abilities, Weirdness & Mutations

Your touch may inflict minor irresistible damage on your foes.


   Skills:
 - Level 2.0 Fighting
 + Level 4.3 Staves
 - Level 1.7 Throwing
 - Level 2.6 Dodging


You had 2 spell levels left.
You didn't know any spells.
Your spell library contained the following spells:

 Spells                   Type           Power      Damage    Failure   Level
 Iskenderun's Battlesphe  Conj           0%         2d6       100%        5
 Iron Shot                Conj/Erth      0%         9d1       100%        6
 Spellforged Servitor     Conj/Summ      0%         N/A       100%        7

Inventory:

Hand Weapons
 a - a +0 quarterstaff (weapon)
Missiles
 d - 3 throwing nets (quivered) {=f}
 e - a javelin
 i - 9 poisoned darts
Armour
 b - a +0 leather armour (worn)
 c - a +0 helmet (worn)
Jewellery
 C - a ring of ice
 P - a ring of poison resistance (left hand)
Potions
 f - a potion of attraction {unknown}
 g - 4 potions of heal wounds {@q2}
 h - a potion of haste {unknown}
 j - a potion of curing {@q1}

Dungeon Overview and Level Annotations

Branches:
Dungeon (2/15)

Altars:
Yredelemnul

Shops:
D:2

: ####### ### #8#..8### #.#
#^#.#.#.# #.# #.....#.# ####.#
#########.#.....# #....##
#).....####.....# #......
#.##....Z.@Z....# #......
###.##...####Z....#####......
#.........#.#Z.............##
#######.#.....#.....#.#####.##.##
..............#^#.#^#............
........#.....#8#.^8#..........##
..............#######............
.................................
............................####.


You could see a friendly bat zombie, 2 friendly ball python zombies and a
friendly adder zombie.


Message History

No target in view!
No target in view!
No target in view!
You see here a +0 club.
l - a scroll of identify {@r1} You now have 133 gold pieces (gained 18).
There is a faded altar of an unknown god here.
Done exploring.
Done exploring.
There is a faded altar of an unknown god here.
This altar belongs to (a) Kikubaaqudgha, (b) Ru or (c) Yredelemnul, but you can't tell which.
Press the corresponding letter to learn more about a god, or press enter to convert or escape to cancel.
Okay, then.
Unknown command.
Press < or > to pray at altars.
As you read the scroll of identify {@r1}, it crumbles to dust.
g - 4 potions of heal wounds
As you read the scroll labelled YRURU SUSIYSMIEM, it crumbles to dust.
The air around you briefly surges with heat, but it dissipates.
It was a scroll of immolation.
Press: ? - help, v - describe, . - travel A faded altar of an unknown god.
Unknown command.
Press < or > to pray at altars.
Unknown command.
Press < or > to pray at altars.
This altar belongs to (a) Kikubaaqudgha, (b) Ru or (c) Yredelemnul, but you can't tell which.
Press the corresponding letter to learn more about a god, or press enter to convert or escape to cancel.
Yredelemnul accepts your prayer! Yredelemnul welcomes you!
You can now reap souls.
You can now recall your undead harvest.
Are you sure you want to abandon this character and quit the game? (Confirm with "yes".)

Skill      XL: |  1  2  3 |
---------------+----------+-----
Staves         | 3 4 |  4.3
Fighting       | |  2.0
Throwing       | |  1.7
Dodging        | |  2.6

Action                     || total
---------------------------++-------
  Melee: Quarterstaff      ||   101
    Use: Scroll            ||     6
 Armour: Leather armour    ||    28
  Dodge: Dodged            ||    48

Levels and vault maps discovered:
D:1:      pf_arrival_petrified_forest, layout_basic, minmay_misc_feat_square
D:2:      layout_basic, serial_shops, shop,
          shapermc_ecumenical_altar_mp_highgroup, nrook_loot_triangle,
          kennysheep_generic_room_15

Notes
Turn   | Place    | Note
-------+----------+-------------------------------------------
     0 | D:1      | demibob the Demonspawn Gladiator began the quest for the
                  | Orb.
     0 | D:1      | Reached XP level 1. HP: 16/16 MP: 1/1
    35 | D:1      | Reached skill level 3 in Staves
    63 | D:1      | Gained mutation: Your touch may inflict minor irresistible
                  | damage on your foes. [demonic ancestry]
    63 | D:1      | Reached XP level 2. HP: 20/22 MP: 2/2
   740 | D:2      | Reached XP level 3. HP: 27/27 MP: 3/3
   806 | D:2      | Reached skill level 4 in Staves
  1358 | D:2      | Found Mewor's Book Boutique.
  1503 | D:2      | Found a faded altar of an unknown god.
  1606 | D:2      | Prayed at the altar of an unknown god.
  1606 | D:2      | Became a worshipper of Yredelemnul the Dark
  1606 | D:2      | Reached * piety under Yredelemnul
  1607 | D:2      | Quit the game

Vanquished Creatures
  3 worms (D:2)
  2 dart slugs
  2 ball pythons (D:1)
  3 bats
  2 endoplasms (D:2)
  2 giant cockroaches
  5 goblins
  5 hobgoblins
  4 quokkas
  2 frilled lizards (D:1)
  3 kobolds
  12 rats
45 creatures vanquished.

Table legend: (Time is in decaauts)
 A = Elapsed time spent in this place.
 B = Non-inter-level travel time spent in this place.
 C = Inter-level travel time spent in this place.
 D = Time resting spent in this place.
 E = Time spent auto-exploring this place.
 F = Levels seen in this place.
 G = Mean time per level.
                   A        B        C        D        E       F      G
               +--------+--------+--------+--------+--------+-----+--------+
         Total |   1618 |   1586 |     32 |     34 |   1243 |   2 |  809.0 |
       Dungeon |   1618 |   1586 |     32 |     34 |   1243 |   2 |  809.0 |
               +--------+--------+--------+--------+--------+-----+--------+

Top non-repeatable levels by time:
     D:2: 914 daAuts
     D:1: 703 daAuts

Table legend:
 A = Non-vault XP
 B = Vault XP
 C = Vault XP percentage of total XP
 D = Non-vault monster count
 E = Vault monster count
 F = Vault count percentage of total count
                 A         B        C        D         E       F
            +---------+---------+-------+---------+---------+-------
      Total |      85 |       0 |   0.0 |      45 |       0 |   0.0
            +---------+---------+-------+---------+---------+-------
        D:1 |      38 |       0 |   0.0 |      24 |       0 |   0.0
        D:2 |      47 |       0 |   0.0 |      21 |       0 |   0.0
            +---------+---------+-------+---------+---------+-------
